 Dungeon Crawl Stone Soup version 0.30-a0-672-gc3a7216ad8 (webtiles) character file.

Game seed: 12503589878443326421

44 Pooter the Chopper (level 3, -1/33 HPs)
             Began as a Minotaur Monk on Jan 18, 2023.
             Slain by a gnoll
             ... wielding a +0 flail
              (6 damage)
             ... on level 2 of the Dungeon.
             The game lasted 00:05:24 (913 turns).

Pooter the Chopper (Minotaur Monk)                   Turns: 913, Time: 00:05:25

Health: -1/33      AC:  5    Str: 17    XL:     3   Next: 41%
Magic:  2/2        EV: 11    Int:  7    God:
Gold:   121        SH:  0    Dex: 12    Spells: 2/2 levels left

rFire   . . .      SeeInvis .    a - +2 flail (heavy)
rCold   . . .      Faith    .    (no shield)
rNeg    . . .      Spirit   .    n - +0 ring mail
rPois   .          Reflect  .    (helmet restricted)
rElec   .          Harm     .    (no cloak)
rCorr   .          Rampage  .    (no gloves)
Will    .....                    (no boots)
Stlth   +                        (no amulet)
HPRegen 0.25/turn                (no ring)
MPRegen 0.08/turn                (no ring)

@: no status effects
A: horns 2, retaliatory headbutt
a: no special abilities


You were on level 2 of the Dungeon.
You visited 1 branch of the dungeon, and saw 2 of its levels.

You collected 121 gold pieces.

Inventory:

Hand Weapons
 a - a +2 heavy flail (weapon)
   (You took it off a gnoll on level 2 of the Dungeon)
 b - a +0 sling
   (You found it on level 2 of the Dungeon)
 m - a +0 spear
   (You found it on level 1 of the Dungeon)
 p - a +0 hand axe
 q - a +4 dagger of holy wrath
   (You took it off a kobold on level 2 of the Dungeon)
Missiles
 Q - 11 stones (quivered)
Armour
 n - a +0 ring mail (worn)
   (You found it on level 1 of the Dungeon)
Scrolls
 f - a scroll of butterflies {unknown}
 h - a scroll of identify {unknown}
 j - a scroll of blinking {unknown}
 k - a scroll of poison {unknown}
 r - a scroll of teleportation {unknown}
Potions
 c - a potion of ambrosia
 d - a potion of magic {unknown}
 e - a potion of resistance {unknown}
 g - a potion of heal wounds {unknown}
 i - a potion of brilliance {unknown}
 l - a potion of haste {unknown}
 o - a potion of berserk rage {unknown}
 s - a potion of curing {unknown}


   Skills:
 + Level 4.2 Fighting
 - Level 4.6(4.7) Axes
 * Level 1.1(3.1) Maces & Flails
 + Level 0.3 Ranged Weapons
 - Level 3.2 Dodging
 - Level 1.5 Stealth


You had 2 spell levels left.
You didn't know any spells.
Your spell library contained the following spells:

 Spells                   Type           Power      Damage    Failure   Level
 Ozocubu's Armour         Ice            0%         N/A       95%         3
 Metabolic Englaciation   Hex/Ice        0%         N/A       100%        5
 Simulacrum               Ice/Necr       0%         N/A       100%        6


Dungeon Overview and Level Annotations

Branches:
Dungeon (2/15)

Altars:
Ru


Innate Abilities, Weirdness & Mutations

You have a pair of horns on your head.
You reflexively headbutt those who attack you in melee.


Message History

You kill the endoplasm!
b - a +0 sling (weapon)
You now have 121 gold pieces (gained 10).
Found a white potion.
Found a stone staircase leading down.
A hobgoblin comes into view.
Found a dagger.
You see here a white potion.
You shoot a sling bullet. The sling bullet hits the hobgoblin.
The hobgoblin shouts!
You shoot a sling bullet.
The sling bullet barely misses the hobgoblin.
The hobgoblin barely misses you.
You shoot a sling bullet.
The sling bullet barely misses the hobgoblin.
The hobgoblin barely misses you. You furiously retaliate!
You headbutt the hobgoblin.
You kill the hobgoblin!
s - a white potion
Found a sacrificial altar of Ru.
A gnoll comes into view. It is wielding a +0 spear.
The gnoll shouts!
A gnoll comes into view. It is wielding a +0 flail.
You shoot a sling bullet. The gnoll shouts!
The sling bullet hits the gnoll.
You shoot a sling bullet.
The sling bullet completely misses the gnoll.
The gnoll throws a stone.
The stone hits you but does no damage.
You shoot a sling bullet.
The sling bullet barely misses the gnoll.
a - a +2 heavy flail (weapon)
The gnoll hits you from afar with a +0 spear.
The gnoll hits you with a +0 spear.
You sock the gnoll! You headbutt the gnoll.
You kill the gnoll!
The gnoll throws a stone.
The stone hits you but does no damage.
The gnoll throws a stone.
The stone hits you but does no damage.
Your base Maces & Flails skill increases to level 1!
The gnoll closely misses you.
Things that are here:
a +0 spear; an amethyst potion You hit the gnoll.
The gnoll hits you with a +0 flail.
You sock the gnoll! The gnoll hits you with a +0 flail!
* * * LOW HITPOINT WARNING * * *
The gnoll hits you with a +0 flail!
* * * LOW HITPOINT WARNING * * *
You closely miss the gnoll. The gnoll closely misses you.
The gnoll hits you with a +0 flail.
You die...

.#.........# ... .#
........# #.# .#
#......# #.# # # .#
#......# #.# .# .# .#
#......####.###.#..# .##
#......#...........# ..#
#)..................
#.######.#.#.##.....#.
....####.#.#.###@...#
.##...##.#.#.###g...#
.......#............#
...........#.##.....'.
.......###.#.##.....#...
.......# #...##.##### ..
.....### #...##. .
....... ..#.. ........
...


You could see a gnoll.

Vanquished Creatures
  2 gnolls (D:2)
  A dart slug (D:2)
  2 ball pythons (D:1)
  3 bats
  2 endoplasms
  A giant cockroach (D:1)
  A goblin (D:1)
  3 hobgoblins (D:2)
  3 kobolds
  4 rats (D:1)
22 creatures vanquished.

Notes
Turn   | Place    | Note
-------+----------+-------------------------------------------
     0 | D:1      | Pooter the Minotaur Monk began the quest for the Orb.
     0 | D:1      | Reached XP level 1. HP: 19/19 MP: 0/0
   467 | D:1      | Reached XP level 2. HP: 26/27 MP: 1/1
   829 | D:2      | Reached XP level 3. HP: 33/33 MP: 2/2
   897 | D:2      | Found a sacrificial altar of Ru.
   910 | D:2      | Reached skill level 1 in Maces & Flails
   913 | D:2      | Slain by a gnoll

Illustrated notes

Levels and vault maps discovered:
D:1:      zelgadis_glass_arrival_small, layout_loops_cross, grunt_decor_junction
D:2:      layout_basic, basic_altar, nicolae_shop_vocational

Skill      XL: |  1  2  3 |
---------------+----------+-----
Axes           | 4 |  4.6
Fighting       | 4 |  4.2
Maces & Flails | 1 |  1.1
Ranged Weapons | |  0.3
Dodging        | |  3.2
Stealth        | |  1.5

Action                   || total
-------------------------++-------
Melee: Hand axe          ||    27
       Headbutt          ||     7
       Flail             ||     6
 Fire: Sling             ||     9
Throw: Stone             ||    13
 Stab: Sleeping          ||     2
Armor: Robe              ||     2
       Ring mail         ||     8
Dodge: Dodged            ||    25

Table legend: (Time is in decaauts)
 A = Elapsed time spent in this place.
 B = Non-inter-level travel time spent in this place.
 C = Inter-level travel time spent in this place.
 D = Time resting spent in this place.
 E = Time spent auto-exploring this place.
 F = Levels seen in this place.
 G = Mean time per level.
                   A        B        C        D        E       F      G
               +--------+--------+--------+--------+--------+-----+--------+
         Total |    921 |    895 |     26 |      3 |    641 |   2 |  460.5 |
       Dungeon |    921 |    895 |     26 |      3 |    641 |   2 |  460.5 |
               +--------+--------+--------+--------+--------+-----+--------+

Top non-repeatable levels by time:
     D:1: 683 daAuts
     D:2: 238 daAuts
